 Dungeon Crawl Stone Soup version 0.24.1-14-gf8d2b509d9 (webtiles) character file.

Game seed: 4292983305868311516, levelgen mode: deterministic

33 lepoulpe303 the Digger (level 3, -4/19 HPs)
             Began as a Gargoyle Earth Elementalist on May 25, 2020.
             Slain by an ogre
             ... wielding a +0 giant club
              (22 damage)
             ... on level 2 of the Dungeon.
             The game lasted 00:04:23 (1054 turns).

lepoulpe303 the Digger (GrEE)                       Turns: 1054, Time: 00:04:24

Health: -4/19      AC:  5    Str: 11    XL:     3   Next: 29%
Magic:  3/6        EV: 12    Int: 16    God:
Gold:   39         SH:  0    Dex: 10    Spells: 4/7 levels left

rFire    . . .     SeeInvis .   j - +0 whip
rCold    . . .     Gourm    .   (no shield)
rNeg     + . .     Faith    .   c - +0 robe
rPois    ∞         Spirit   .   (no helmet)
rElec    +         Reflect  .   (no cloak)
rCorr    .         Harm     .   (no gloves)
MR       .....                  (no boots)
Stlth    ++........             (no amulet)
HPRegen  0.06/turn              (no ring)
MPRegen  0.10/turn              (no ring)

@: no status effects
A: negative energy resistance 1, electricity resistance, unbreathing,
petrification resistance, rot immunity, AC +3
a: no special abilities


You were on level 2 of the Dungeon.
You were not hungry.

You visited 1 branch of the dungeon, and saw 2 of its levels.

You collected 39 gold pieces.

Inventory:

Hand Weapons
 j - a +0 whip (weapon)
Missiles
 a - 11 poisoned darts (quivered)
 Q - 48 stones
Armour
 c - a +0 robe (worn)
Jewellery
 k - an uncursed ring of ice {unknown}
Scrolls
 g - a scroll of enchant armour {unknown}
 h - a scroll of identify {unknown}
 i - 2 scrolls of remove curse {unknown}
 m - a scroll of fear {unknown}
 o - a scroll of fog {unknown}
Potions
 d - a potion of resistance {unknown}
 f - a potion of curing {unknown}
 l - a potion of ambrosia {unknown}
 n - a potion of agility {unknown}
Comestibles
 e - 4 rations


   Skills:
 + Level 1.9 Dodging
 + Level 2.5 Stealth
 * Level 2.5 Spellcasting
 - Level 0.7 Transmutations
 * Level 4.2 Earth Magic


You had 4 spell levels left.
You knew the following spells:

 Your Spells              Type           Power        Failure   Level  Hunger
a - Sandblast             Erth           ###...       3%          1    #......
w - Passwall              Tmut/Erth      #.......     11%         2    ##.....

Your spell library contained the following spells:

 Spells                   Type           Power        Failure   Level  Hunger
 Stone Arrow              Conj/Erth      #.....       26%         3    ###....
 Petrify                  Tmut/Erth      #.......     56%         4    #####..
 Lee's Rapid Deconstruct  Erth           ###.......   67%         5    ######.


Dungeon Overview and Level Annotations

Branches:
Dungeon (2/15)

Altars:


Innate Abilities, Weirdness & Mutations

You are resistant to torment.
Your stone body is resilient. (AC +3)
You are immune to poison.
You resist negative energy. (rN+)
You are resistant to electric shocks. (rElec)
You can survive without breathing.
You are immune to petrification.
You are immune to rotting.


Message History

You see here a robe.
A worm is nearby!
You can't see any susceptible monsters within range! (Use Z to cast anyway.) Unknown command.
You can't see any susceptible monsters within range! (Use Z to cast anyway.) Unknown command.
Aim: an ogre, wielding a +0 giant club The blast of sand hits the ogre!
Q - 50 stones You now have 5/6 mp.
Aim: an ogre, wielding a +0 giant club (moderately wounded)
The blast of sand hits the ogre!
Q - 49 stones You now have 4/6 mp.
Aim: an ogre, wielding a +0 giant club (severely wounded)
The blast of sand hits the ogre!
Q - 48 stones The ogre hits you with a +0 giant club!!
Ouch! That really hurt!
You die...

.......................
....##########.####.###
....# #..# #+### ##.#
#.# #.# #[## #..# ####
##@# ...# #O.# ...#####
##.# .......# ..
...###.# #.w ...# #.#
.># ...###.# #.#
...'...# .. ...#####


You could see an ogre and a worm.

Levels and vault maps discovered:
D:1:      ebering_hopf_link, layout_rooms, minmay_misc_feat_encased,
          minmay_bisected
D:2:      layout_basic

Notes
Turn   | Place    | Note
-------+----------+-------------------------------------------
     0 | D:1      | lepoulpe303 the Gargoyle Earth Elementalist began the quest
                  | for the Orb.
     0 | D:1      | Reached XP level 1. HP: 10/10 MP: 3/3
   128 | D:1      | Identified a +0 club
   142 | D:1      | Identified a +0 club
   178 | D:1      | Reached XP level 2. HP: 11/15 MP: 1/5
   261 | D:1      | Learned a level 2 spell: Passwall
   313 | D:1      | Identified a cursed +0 dagger
   327 | D:1      | Reached skill level 4 in Earth Magic
   537 | D:1      | Identified a +0 club
   562 | D:1      | Reached XP level 3. HP: 19/19 MP: 3/6
   646 | D:1      | Identified a +0 dagger
   679 | D:1      | Identified a +0 whip (You found it on level 1 of the
                  | Dungeon)
  1047 | D:2      | Identified a +0 giant club
  1047 | D:2      | Noticed an ogre
  1054 | D:2      | Slain by an ogre

Table legend:
 A = Turns spent in this place as a percentage of turns spent in the entire game.
 B = Non-inter-level travel turns spent in this place as a percentage of non-inter-level travel turns spent in the entire game.
 C = Inter-level travel turns spent in this place as a percentage of turns spent in this place.
 D = Turns resting spent in this place as a percentage of non-inter-level travel turns spent in this place.
 E = Turns spent auto-exploring this place as a percentage of non-inter-level travel turns spent in this place.
 F = Non-inter-level travel turns spent in this place divided by the number of levels of this place that you've seen.
                   A       B       C       D       E      F
               +-------+-------+-------+-------+-------+----------------------
         Total | 100.0 | 100.0 |   4.6 |  24.3 |  51.6 | 503.0
       Dungeon | 100.0 | 100.0 |   4.6 |  24.3 |  51.6 | 503.0
               +-------+-------+-------+-------+-------+----------------------

Table legend:
 A = Kills in this place as a percentage of kills in entire the game.
 B = Kills by you in this place as a percentage of kills by you in the entire game.
 C = Kills by friends in this place as a percentage of kills by friends in the entire game.
 D = Other kills in this place as a percentage of other kills in the entire game.
 E = Experience gained in this place as a percentage of experience gained in the entire game.
 F = Experience gained in this place divided by the number of levels of this place that you have seen.
                   A       B       C       D       E      F
               +-------+-------+-------+-------+-------+----------------------
         Total | 100.0 | 100.0 |   N/A |   N/A | 100.0 |  24.0
       Dungeon | 100.0 | 100.0 |   N/A |   N/A | 100.0 |  24.0
               +-------+-------+-------+-------+-------+----------------------

Skill      XL: |  1  2 |
---------------+-------+-----
Earth Magic    | 4 |  4.2
Dodging        | |  1.9
Stealth        | |  2.5
Spellcasting   | |  2.5
Transmutations | |  0.7

Action                   || total
-------------------------++-------
Melee: Unarmed           ||    26
       Whip              ||    13
Throw: Dart              ||    26
 Cast: Sandblast         ||    18
 Stab: Sleeping          ||     2
  Eat: Chunk             ||     1
Armor: Robe              ||    17
Dodge: Dodged            ||    32

Vanquished Creatures
  3 dart slugs (D:1)
  2 leopard geckos (D:1)
  3 bats
  A giant cockroach (D:1)
  4 goblins (D:1)
  3 hobgoblins (D:1)
  2 jackals (D:1)
  A kobold (D:1)
  A quokka (D:2)
  2 rats (D:1)
22 creatures vanquished.
